General information
- name: BNet
- type: Ladder team game (AT/RT)
- host: Battle.net
- saver: DanielCormier
map: Friends
- players: 8
- length: 13:23
- speed: Fast
- version: 1.30 W3XP
- replay type: Public
» download(170 KB)
Players
team 1 (winner)
DanielCormier (
teal | 147 APM | 1970 actions | 13:23)
5 Far Seer
3 Feral Spirit
2 Chain Lighting
4 Shadow Hunter
2 Hex
2 Healing Wave
» actions
| Assign group hotkey | 26 | |
| Basic commands | 179 | |
| Build / train | 45 | |
| ESC pressed | 1 | |
| Enter build submenu | 13 | |
| Enter hero's abilities submenu | 9 | |
| Right click | 855 | |
| Select / deselect | 423 | |
| Select group hotkey | 355 | |
| Use ability | 64 | |
1970 total
» units
| Peon | 6 | |
| Troll Headhunter/Berserker | 8 | |
| Goblin Shredder | 1 | |
| Wind Rider | 7 | |
22 total
» upgrades
| Reinforced Defenses | 1 | |
| Envenomed Spears | 1 | |
| Ranged Weapons | 2 | |
4 total
» buildings
| Altar of Storms | 1 | |
| Orc Burrow | 4 | |
| War Mill | 2 | |
| Barracks | 1 | |
| Voodoo Lounge | 1 | |
| Stronghold | 1 | |
| Beastiary | 2 | |
| Fortress | 1 | |
13 total
» build order
00:08 Altar of Storms
00:13 Orc Burrow
00:30 War Mill
01:05 Barracks
01:55 Voodoo Lounge
02:23 Orc Burrow
03:42 Stronghold
04:39 Orc Burrow
06:34 Beastiary
06:36 Beastiary
06:50 Orc Burrow
07:42 Fortress
08:07 War Mill
» items
| Healing Salve | 1 | |
| Lesser Clarity Potion | 3 | |
4 total
StiFler (
purple | 154 APM | 2066 actions | 13:22)
3 Archmage
2 Blizzard
1 Brilliance Aura
3 Blood Mage
1 Banish
2 Flame Strike
» actions
| Assign group hotkey | 167 | |
| Basic commands | 54 | |
| Build / train | 62 | |
| ESC pressed | 3 | |
| Enter build submenu | 39 | |
| Enter hero's abilities submenu | 6 | |
| Remove unit from queue | 1 | |
| Right click | 894 | |
| Select / deselect | 269 | |
| Select group hotkey | 473 | |
| Use ability | 98 | |
2066 total
» units
| Peasant | 13 | |
| Rifleman | 5 | |
| Goblin Shredder | 1 | |
| Mortar Team | 5 | |
24 total
» upgrades
» buildings
| Altar of Kings | 1 | |
| Farm | 9 | |
| Scout Tower | 10 | |
| Lumber Mill | 2 | |
| Arcane Tower | 3 | |
| Arcane Vault | 1 | |
| Keep | 2 | |
| Barracks | 2 | |
| Blacksmith | 1 | |
| Guard Tower | 10 | |
| Castle | 2 | |
| Workshop | 1 | |
44 total
» build order
00:19 Altar of Kings
00:21 Farm
01:02 Scout Tower
01:15 Lumber Mill
01:29 Arcane Tower
01:29 Arcane Tower
01:53 Farm
02:07 Arcane Vault
02:15 Farm
02:52 Keep
02:52 Keep
03:22 Farm
03:40 Barracks
03:48 Barracks
03:52 Blacksmith
03:57 Scout Tower
03:58 Scout Tower
04:26 Guard Tower
04:26 Guard Tower
04:26 Guard Tower
04:43 Scout Tower
04:52 Scout Tower
04:53 Scout Tower
04:58 Guard Tower
04:59 Guard Tower
05:34 Arcane Tower
05:47 Guard Tower
05:54 Guard Tower
06:03 Farm
06:05 Farm
06:17 Scout Tower
06:19 Scout Tower
07:45 Castle
07:45 Castle
07:52 Guard Tower
08:19 Farm
08:37 Workshop
09:34 Lumber Mill
09:44 Scout Tower
09:44 Scout Tower
10:29 Farm
10:37 Farm
10:50 Guard Tower
10:50 Guard Tower
» items
| Scroll of Regeneration | 4 | |
| Lesser Clarity Potion | 2 | |
6 total

»
NocTurNaL420 (
red | 47 APM | 632 actions | 13:22)
5 Archmage
3 Summon Water Elemental
2 Brilliance Aura
» actions
| Assign group hotkey | 9 | |
| Basic commands | 2 | |
| Build / train | 34 | |
| Enter build submenu | 20 | |
| Enter hero's abilities submenu | 5 | |
| Right click | 382 | |
| Select / deselect | 104 | |
| Select group hotkey | 39 | |
| Use ability | 36 | |
632 total
» units
| Peasant | 8 | |
| Rifleman | 6 | |
| Mortar Team | 3 | |
17 total
» upgrades
| Gunpowder | 2 | |
| Lumber Harvesting | 1 | |
| Armor | 1 | |
4 total
» buildings
| Altar of Kings | 1 | |
| Farm | 10 | |
| Lumber Mill | 1 | |
| Blacksmith | 1 | |
| Barracks | 2 | |
| Arcane Vault | 1 | |
| Scout Tower | 1 | |
| Guard Tower | 1 | |
| Keep | 1 | |
| Workshop | 2 | |
21 total
» build order
00:10 Altar of Kings
00:14 Farm
00:55 Lumber Mill
01:01 Farm
01:23 Blacksmith
01:47 Farm
02:31 Barracks
02:35 Barracks
02:39 Farm
03:04 Arcane Vault
03:38 Scout Tower
04:08 Farm
04:14 Guard Tower
05:02 Keep
05:50 Farm
06:49 Farm
07:56 Farm
08:02 Workshop
08:03 Workshop
12:50 Farm
12:52 Farm
» items
| Scroll of Regeneration | 4 | |
| Lesser Clarity Potion | 1 | |
5 total
WasteManagement (
orange | 65 APM | 873 actions | 13:22)
4 Shadow Hunter
2 Serpent Ward
2 Healing Wave
» actions
| Basic commands | 10 | |
| Build / train | 40 | |
| Enter build submenu | 18 | |
| Enter hero's abilities submenu | 4 | |
| Remove unit from queue | 2 | |
| Right click | 426 | |
| Select / deselect | 344 | |
| Use ability | 29 | |
873 total
» units
| Peon | 9 | |
| Grunt | 3 | |
| Wind Rider | 8 | |
| Goblin Shredder | 1 | |
| Shaman | 2 | |
23 total
» upgrades
| Armor | 1 | |
| Spiked Barricades | 1 | |
| Shaman Training | 1 | |
| Ranged Weapons | 1 | |
4 total
» buildings
| Orc Burrow | 5 | |
| War Mill | 1 | |
| Altar of Storms | 1 | |
| Barracks | 1 | |
| Stronghold | 1 | |
| Voodoo Lounge | 1 | |
| Watch Tower | 2 | |
| Spirit Lodge | 1 | |
| Beastiary | 2 | |
| Fortress | 1 | |
| Great Hall | 1 | |
17 total
» build order
00:21 Orc Burrow
00:36 War Mill
00:44 Altar of Storms
01:26 Barracks
02:11 Orc Burrow
03:50 Stronghold
03:59 Voodoo Lounge
04:45 Orc Burrow
05:12 Watch Tower
06:15 Spirit Lodge
06:19 Beastiary
06:40 Beastiary
08:05 Orc Burrow
09:20 Watch Tower
11:41 Fortress
12:03 Great Hall
13:13 Orc Burrow
» items
| Healing Salve | 1 | |
| Scroll of Town Portal | 1 | |
2 total
team 2 (loser)
protokol (
blue | 99 APM | 1318 actions | 13:22)
3 Archmage
2 Summon Water Elemental
1 Brilliance Aura
1 Blood Mage
1 Flame Strike
» actions
| Assign group hotkey | 27 | |
| Basic commands | 3 | |
| Build / train | 52 | |
| ESC pressed | 1 | |
| Enter build submenu | 21 | |
| Enter hero's abilities submenu | 4 | |
| Remove unit from queue | 1 | |
| Right click | 511 | |
| Select / deselect | 180 | |
| Select group hotkey | 475 | |
| Use ability | 43 | |
1318 total
» units
| Peasant | 15 | |
| Footman | 12 | |
| Goblin Shredder | 1 | |
| Gryphon Rider | 5 | |
33 total
» upgrades
» buildings
| Barracks | 1 | |
| Farm | 8 | |
| Altar of Kings | 1 | |
| Scout Tower | 2 | |
| Arcane Tower | 2 | |
| Keep | 1 | |
| Lumber Mill | 2 | |
| Arcane Vault | 1 | |
| Gryphon Aviary | 2 | |
| Castle | 1 | |
| Guard Tower | 2 | |
| Town Hall | 1 | |
24 total
» build order
00:25 Barracks
00:40 Farm
00:58 Altar of Kings
01:20 Farm
01:51 Farm
02:23 Scout Tower
02:53 Arcane Tower
03:23 Scout Tower
03:47 Farm
03:51 Arcane Tower
04:07 Keep
04:23 Lumber Mill
04:51 Lumber Mill
05:02 Farm
05:06 Farm
06:10 Arcane Vault
06:14 Farm
06:44 Gryphon Aviary
06:48 Gryphon Aviary
06:54 Farm
07:55 Castle
10:16 Guard Tower
10:16 Guard Tower
11:08 Town Hall
» items
| Scroll of Regeneration | 2 | |
| Ivory Tower | 3 | |
5 total

»
StOnErBoXerGuy (
yellow | 43 APM | 534 actions | 12:21)
2 Demon Hunter
1 Mana Burn
1 Evasion
2 Priestess of the Moon
1 Trueshot Aura
1 Searing Arrows
» actions
| Assign group hotkey | 43 | |
| Basic commands | 68 | |
| Build / train | 43 | |
| Enter build submenu | 14 | |
| Enter hero's abilities submenu | 4 | |
| Remove unit from queue | 2 | |
| Right click | 126 | |
| Select / deselect | 185 | |
| Select group hotkey | 19 | |
| Use ability | 30 | |
534 total
» units
| Wisp | 12 | |
| Archer | 6 | |
| Huntress | 3 | |
| Dryad | 4 | |
| Druid of the Claw | 2 | |
27 total
» upgrades
| Strength of the Moon | 1 | |
| Upgrade Moon Glaive | 1 | |
| Moon Armor | 1 | |
| Abolish Magic | 1 | |
| Druid of the Claw Training | 2 | |
6 total
» buildings
| Altar of Elders | 1 | |
| Moon Well | 5 | |
| Ancient of War | 1 | |
| Hunter's Hall | 1 | |
| Tree of Ages | 1 | |
| Ancient Protector | 1 | |
| Ancient of Wonders | 1 | |
| Ancient of Lore | 2 | |
| Tree of Eternity | 1 | |
14 total
» build order
00:26 Altar of Elders
00:34 Moon Well
01:24 Ancient of War
02:01 Moon Well
02:43 Hunter's Hall
03:11 Moon Well
03:29 Tree of Ages
03:52 Ancient Protector
04:46 Ancient of Wonders
06:09 Ancient of Lore
06:18 Ancient of Lore
06:56 Tree of Eternity
08:29 Moon Well
10:29 Moon Well

»
cantstopstupid (
pink | 29 APM | 369 actions | 12:38)
3 Crypt Lord
2 Carrion Beetles
1 Spiked Carapace
» actions
| Build / train | 36 | |
| Enter build submenu | 12 | |
| Enter hero's abilities submenu | 3 | |
| Right click | 134 | |
| Select / deselect | 148 | |
| Use ability | 36 | |
369 total
» units
| Acolyte | 4 | |
| Ghoul | 11 | |
| Goblin Zeppelin | 2 | |
| Goblin Sapper | 1 | |
| Goblin Shredder | 1 | |
19 total
» upgrades
» buildings
| Graveyard | 1 | |
| Ziggurat | 7 | |
| Crypt | 1 | |
| Altar of Darkness | 1 | |
| Nerubian Tower | 4 | |
| Spirit Tower | 3 | |
| Halls of the Dead | 1 | |
| Necropolis | 2 | |
| Black Citadel | 1 | |
| Sacrificial Pit | 1 | |
| Boneyard | 2 | |
24 total
» build order
00:29 Graveyard
00:35 Ziggurat
00:57 Crypt
01:17 Altar of Darkness
01:29 Ziggurat
01:38 Nerubian Tower
01:39 Nerubian Tower
01:56 Ziggurat
02:28 Nerubian Tower
03:34 Nerubian Tower
04:09 Ziggurat
04:10 Ziggurat
05:00 Spirit Tower
05:10 Spirit Tower
05:50 Halls of the Dead
06:21 Ziggurat
06:22 Ziggurat
07:58 Necropolis
08:44 Black Citadel
08:46 Spirit Tower
09:22 Sacrificial Pit
09:42 Necropolis
11:37 Boneyard
11:38 Boneyard
» items
| Orb of Lightning | 1 | |
| Scroll of Town Portal | 1 | |
| Lesser Clarity Potion | 1 | |
3 total
Insignias (
green | 142 APM | 1790 actions | 12:35)
3 Blademaster
1 Wind Walk
2 Critical Strike
1 Tauren Chieftain
1 Endurance Aura
» actions
| Assign group hotkey | 19 | |
| Basic commands | 7 | |
| Build / train | 43 | |
| Enter build submenu | 18 | |
| Enter hero's abilities submenu | 4 | |
| Remove unit from queue | 2 | |
| Right click | 929 | |
| Select / deselect | 222 | |
| Select group hotkey | 501 | |
| Use ability | 45 | |
1790 total
» units
| Peon | 8 | |
| Grunt | 7 | |
| Raider | 3 | |
| Shaman | 1 | |
| Spirit Walker | 1 | |
| Tauren | 3 | |
23 total
» upgrades
| Pillage | 1 | |
| Melee Weapons | 1 | |
| Berserker Strength | 1 | |
| Pulverize | 1 | |
4 total
» buildings
| Altar of Storms | 1 | |
| Orc Burrow | 4 | |
| Barracks | 1 | |
| Voodoo Lounge | 1 | |
| Stronghold | 1 | |
| War Mill | 1 | |
| Fortress | 1 | |
| Beastiary | 1 | |
| Spirit Lodge | 1 | |
| Tauren Totem | 1 | |
13 total
» build order
00:09 Altar of Storms
00:12 Orc Burrow
01:10 Barracks
01:22 Voodoo Lounge
02:07 Orc Burrow
03:03 Orc Burrow
03:47 Stronghold
03:57 Orc Burrow
05:36 War Mill
06:53 Fortress
06:59 Beastiary
07:03 Spirit Lodge
07:07 Tauren Totem
» items
| Lesser Clarity Potion | 3 | |
| Healing Salve | 2 | |
| Potion of Healing | 1 | |
6 total
Chat log
(00:35 / Allies) DanielCormier: think im gonna vetofriends
(00:53 / Allies) DanielCormier: this map is unsightly
(02:16 / Allies) DanielCormier: go blizz
(02:17 / Allies) DanielCormier: their gold
(02:24 / Allies) NocTurNaL420: to late lol
(02:29 / Allies) DanielCormier: its friends bruh
(03:42 / Allies) StiFler: man
(03:42 / Allies) StiFler: plz
(03:43 / Allies) StiFler: don t ever
(03:47 / Allies) StiFler: buld like a retard again
(03:55 / Allies) StiFler: ur way too over on my side
(04:13 / Allies) DanielCormier: this is why we veto friends
(05:26 / Allies) StiFler: this guy -_-)
(06:41 / Allies) DanielCormier: this map is so zzz
(06:55 / Allies) DanielCormier: im gonna fall asleep
(08:28 / Allies) DanielCormier: any map where
(08:32 / Allies) DanielCormier: u need to wood expo
(08:34 / Allies) DanielCormier: is fucking lmao
(09:30 / Allies) DanielCormier: k end
(09:42 / Allies) DanielCormier: did u see
(09:43 / Allies) DanielCormier: that
(09:44 / Allies) DanielCormier: we push a ne
(09:56 / Allies) NocTurNaL420: k
(09:56 / Allies) DanielCormier: we have drake egg
(10:48 / Allies) NocTurNaL420: com
(11:50 / Allies) StiFler: GUYS BELOW
(12:29 / Allies) StiFler: ur so useful orange
(12:45 / Allies) DanielCormier: this map is so zzz